PCL
GRESHAM GOLD SOULS @ MILE HIGH BRONCOS
09/02/2026
 
TOP OF THE 1ST
Gresham Gold Souls batting - Pitching for Mile High Broncos : RHP José García
Pitching: RHP José García
Batting: LHB Bill Smith 0-0: Called Strike
0-1: Ball
1-1: Swinging Strike
1-2: Ball
2-2: SINGLE (Line Drive, 8RS)
Batting: RHB Peter Hensley 0-0: Swinging Strike
0-1: Ground out 4-3 (Groundball, 4M)
Bill Smith to second
Batting: LHB Vicente Bueno 0-0: Ball
1-0: Foul Ball, location: 2F
1-1: Ground out 4-3 (Groundball, 4M)
Bill Smith to third
Batting: RHB Lorenzo Morín 0-0: Ball
1-0: Swinging Strike
1-1: Ball
2-1: Called Strike
2-2: Ground out 4-3 (Groundball, 4)
Top of the 1st over - 0 run(s), 1 hit(s), 0 error(s), 1 left on base; Gresham 0 - Mile High 0
BOTTOM OF THE 1ST
Mile High Broncos batting - Pitching for Gresham Gold Souls : LHP Rob Greene
Pitching: LHP Rob Greene
Batting: SHB Tom Stevens 0-0: Foul Ball, location: 2F
0-1: Ball
1-1: Foul Ball, location: 2F
1-2: Ball
2-2: Ball
3-2: Ground out 1-3 (Groundball, 15S)
Batting: RHB Edward Williams 0-0: Called Strike
0-1: Ball
1-1: Foul Ball, location: 2F
1-2: Ball
2-2: Foul Ball, location: 2F
2-2: Foul Ball, location: 2F
2-2: Foul Ball, location: 2F
2-2: DOUBLE (Line Drive, 7M)
Batting: RHB Luis Alou 0-0: Ball
1-0: Ground out 6-3 (Groundball, 6)
Batting: RHB António Martínez 0-0: Swinging Strike
0-1: Swinging Strike
0-2: Strikes out looking
Bottom of the 1st over - 0 run(s), 1 hit(s), 0 error(s), 1 left on base; Gresham 0 - Mile High 0
TOP OF THE 2ND
Gresham Gold Souls batting - Pitching for Mile High Broncos : RHP José García
Batting: RHB Luke McIndoe 0-0: Swinging Strike
0-1: Ball
1-1: Ball
2-1: Foul Ball, location: 2F
2-2: Ball
3-2: Foul Ball, location: 2F
3-2: Foul Ball, location: 2F
3-2: Base on Balls
Batting: RHB Matt Davidson 0-0: Ball
1-0: Ball
2-0: Ball
3-0: Base on Balls
Luke McIndoe to second
Batting: LHB Jeff Doss 0-0: Ball
1-0: Swinging Strike
1-1: Ball
2-1: Ball
3-1: Base on Balls
Luke McIndoe to third
Matt Davidson to second
Batting: RHB Pepe Medrano 0-0: Grounds into double play, 6-4-3 (Groundball, 6)
Luke McIndoe scores
Matt Davidson to third
Batting: RHB Pablo Castillo 0-0: Ball
1-0: Foul Ball, location: 2F
1-1: Swinging Strike
1-2: Fly out, F7 (Flyball, 7D)
Top of the 2nd over - 1 run(s), 0 hit(s), 0 error(s), 1 left on base; Gresham 1 - Mile High 0
BOTTOM OF THE 2ND
Mile High Broncos batting - Pitching for Gresham Gold Souls : LHP Rob Greene
Batting: RHB David Moran 0-0: Ball
1-0: SINGLE (Flyball, 89S)
Batting: RHB Bo Vickers 0-0: Foul Ball, location: 2F
0-1: Ball
1-1: Swinging Strike
1-2: Strikes out swinging
Batting: LHB Tony Báez 0-0: Called Strike
0-1: Called Strike
0-2: Ball
1-2: Strikes out looking
Batting: RHB José Darias 0-0: SINGLE (Line Drive, 34)
David Moran to second
Runner from 2nd tries for 3rd, SAFE, throw made to third
Batting: RHB Francisco Medina 0-0: Called Strike
0-1: Foul Ball, location: 2F
0-2: Foul Ball, location: 2F
0-2: Fielders Choice at 2nd, 6-4 (Groundball, 6S)
Bottom of the 2nd over - 0 run(s), 2 hit(s), 0 error(s), 1 left on base; Gresham 1 - Mile High 0
TOP OF THE 3RD
Gresham Gold Souls batting - Pitching for Mile High Broncos : RHP José García
Batting: LHB Bill Smith 0-0: Ball
1-0: Ball
2-0: Called Strike
2-1: Ball
3-1: Base on Balls
Batting: RHB Peter Hensley 0-0: Ground out 6-3 (Groundball, 4MS)
Bill Smith to second
Batting: LHB Vicente Bueno 0-0: Called Strike
0-1: Swinging Strike
0-2: Ball
1-2: SINGLE (Line Drive, 4MD)
Bill Smith to third
Batting: RHB Lorenzo Morín 0-0: Called Strike
Vicente Bueno steals 2nd base
0-1: Ball
1-1: SINGLE (Groundball, 4MD)
Bill Smith scores
Vicente Bueno to third
Runner from 3rd tries for Home, SAFE, throw made home
Batting: RHB Luke McIndoe 0-0: Swinging Strike
0-1: Called Strike
0-2: Strikes out looking
Batting: RHB Matt Davidson 0-0: Ball
1-0: Foul Ball, location: 2F
1-1: Called Strike
1-2: Strikes out swinging
Top of the 3rd over - 2 run(s), 2 hit(s), 0 error(s), 1 left on base; Gresham 3 - Mile High 0
BOTTOM OF THE 3RD
Mile High Broncos batting - Pitching for Gresham Gold Souls : LHP Rob Greene
Batting: SHB Tom Stevens 0-0: Ball
1-0: Foul Ball, location: 2F
1-1: Ground out 1-3 (Groundball, 23)
Batting: RHB Edward Williams 0-0: Fly out, F4 (Line Drive, 4)
Batting: RHB Luis Alou 0-0: Called Strike
0-1: Foul Ball, location: 2F
0-2: Ball
1-2: Foul Ball, location: 2F
1-2: Foul Ball, location: 2F
1-2: SINGLE (Groundball, 25) (infield hit)
Batting: RHB António Martínez 0-0: Called Strike
0-1: Foul Ball, location: 2F
0-2: Ball
1-2: Ball
2-2: Foul Ball, location: 2F
2-2: Foul Ball, location: 2F
2-2: Foul Ball, location: 2F
2-2: Ball
3-2: Base on Balls
Luis Alou to second
Batting: RHB David Moran 0-0: Called Strike
0-1: Called Strike
0-2: Strikes out looking
Bottom of the 3rd over - 0 run(s), 1 hit(s), 0 error(s), 2 left on base; Gresham 3 - Mile High 0
TOP OF THE 4TH
Gresham Gold Souls batting - Pitching for Mile High Broncos : RHP José García
Batting: LHB Jeff Doss 0-0: Called Strike
0-1: Ground out U3 (Groundball, 3)
Batting: RHB Pepe Medrano 0-0: Called Strike
0-1: Ball
1-1: SINGLE (Flyball, 78S)
Batting: RHB Pablo Castillo 0-0: Called Strike
0-1: Ball
1-1: Grounds into double play, 4-6-3 (Groundball, 4)
Top of the 4th over - 0 run(s), 1 hit(s), 0 error(s), 0 left on base; Gresham 3 - Mile High 0
BOTTOM OF THE 4TH
Mile High Broncos batting - Pitching for Gresham Gold Souls : LHP Rob Greene
Batting: RHB Bo Vickers 0-0: Fly out, F3 (Popup, 3DF)
Batting: LHB Tony Báez 0-0: Ball
1-0: Foul Ball, location: 2F
1-1: Foul Ball, location: 2F
1-2: Foul Ball, location: 2F
1-2: Ball
2-2: Ground out 5-3 (Groundball, 5)
Batting: RHB José Darias 0-0: Ball
1-0: Foul Ball, location: 2F
1-1: Foul Ball, location: 2F
1-2: Foul Ball, location: 2F
1-2: Strikes out looking
Bottom of the 4th over - 0 run(s), 0 hit(s), 0 error(s), 0 left on base; Gresham 3 - Mile High 0
TOP OF THE 5TH
Gresham Gold Souls batting - Pitching for Mile High Broncos : RHP José García
Batting: LHB Bill Smith 0-0: Ball
1-0: Called Strike
1-1: Swinging Strike
1-2: Foul Ball, location: 2F
1-2: SINGLE (Groundball, 4MD)
Batting: RHB Peter Hensley 0-0: Swinging Strike
0-1: Swinging Strike
0-2: Ball
Bill Smith is caught stealing 2nd base
1-2: Foul Ball, location: 2F
1-2: Ball
2-2: DOUBLE (Flyball, 89XD)
Batting: LHB Vicente Bueno 0-0: Intentional Walk
Batting: RHB Lorenzo Morín 0-0: Foul Ball, location: 2F
0-1: Ball
1-1: SINGLE (Groundball, 34D)
Peter Hensley to third
Vicente Bueno to second
Batting: RHB Luke McIndoe 0-0: Swinging Strike
0-1: Ball
1-1: Fly out, F8 (Flyball, 78S)
Batting: RHB Matt Davidson 0-0: Ball
1-0: Ball
2-0: Ball
3-0: Called Strike
3-1: Base on Balls
Peter Hensley scores
Vicente Bueno to third
Lorenzo Morín to second
Batting: LHB Jeff Doss 0-0: Ball
1-0: Called Strike
1-1: Ball
2-1: Ground out 4-3 (Groundball, 4)
Top of the 5th over - 1 run(s), 3 hit(s), 0 error(s), 3 left on base; Gresham 4 - Mile High 0
BOTTOM OF THE 5TH
Mile High Broncos batting - Pitching for Gresham Gold Souls : LHP Rob Greene
Batting: RHB Francisco Medina 0-0: Swinging Strike
0-1: Fly out, F6 (Popup, 56D)
Batting: SHB Tom Stevens 0-0: Ball
1-0: Foul Ball, location: 2F
1-1: Ball
2-1: Ball
3-1: Foul Ball, location: 2F
3-2: Foul Ball, location: 2F
3-2: SINGLE (Flyball, 8RS)
Batting: RHB Edward Williams 0-0: Ball
1-0: Called Strike
1-1: Called Strike
1-2: Foul Ball, location: 2F
1-2: Foul Ball, location: 2F
1-2: Ball
2-2: SINGLE (Popup, 4D)
Tom Stevens to second
Runner from 2nd tries for 3rd, SAFE, throw made to third
Batting: RHB Luis Alou 0-0: SINGLE (Line Drive, 9LS)
Tom Stevens scores
Edward Williams to second
Batting: RHB António Martínez 0-0: Ball
1-0: Foul Ball, location: 2F
1-1: 3-RUN HOME RUN (Flyball, 9D), Distance : 365 ft
Batting: RHB David Moran 0-0: Swinging Strike
0-1: Ball
1-1: Called Strike
1-2: Ball
2-2: Ball
3-2: Strikes out swinging
Batting: RHB Bo Vickers 0-0: Ground out 6-3 (Groundball, 6M)
Bottom of the 5th over - 4 run(s), 4 hit(s), 0 error(s), 0 left on base; Gresham 4 - Mile High 4
TOP OF THE 6TH
Gresham Gold Souls batting - Pitching for Mile High Broncos : RHP José García
Pitching: RHP Hokusai Nakashima
Batting: RHB Pepe Medrano 0-0: Foul Ball, location: 2F
0-1: Foul Ball, location: 2F
0-2: Ball
1-2: Ball
2-2: Ball
3-2: Base on Balls
Batting: RHB Pablo Castillo 0-0: TRIPLE (Flyball, 89D)
Pepe Medrano scores
Batting: LHB Bill Smith 0-0: Called Strike
0-1: Fly out, F4 (Popup, 34D)
Batting: RHB Peter Hensley 0-0: Called Strike
0-1: Called Strike
0-2: Ball
1-2: Ground out 6-3 (Groundball, 6)
Pablo Castillo scores
Batting: LHB Vicente Bueno 0-0: Foul Ball, location: 2F
0-1: Ball
1-1: DOUBLE (Flyball, 89XD)
Batting: RHB Lorenzo Morín 0-0: Swinging Strike
0-1: Called Strike
0-2: Ball
1-2: Strikes out swinging
Top of the 6th over - 2 run(s), 2 hit(s), 0 error(s), 1 left on base; Gresham 6 - Mile High 4
BOTTOM OF THE 6TH
Mile High Broncos batting - Pitching for Gresham Gold Souls : LHP Rob Greene
Pitching: RHP José González
Batting: LHB Tony Báez 0-0: Ball
1-0: Ground out U3 (Groundball, 3)
Batting: RHB José Darias 0-0: SINGLE (Line Drive, 89S)
Batting: RHB Francisco Medina 0-0: Fly out, F7 (Line Drive, 7M)
Batting: SHB Tom Stevens 0-0: Called Strike
0-1: Ball
1-1: Ball
2-1: Ball
3-1: Foul Ball, location: 2F
3-2: Fly out, F2 (Popup, 2LF)
Bottom of the 6th over - 0 run(s), 1 hit(s), 0 error(s), 1 left on base; Gresham 6 - Mile High 4
TOP OF THE 7TH
Gresham Gold Souls batting - Pitching for Mile High Broncos : RHP Hokusai Nakashima
Batting: RHB Luke McIndoe 0-0: Ball
1-0: Ball
2-0: Called Strike
2-1: Ball
3-1: Base on Balls
Batting: RHB Matt Davidson 0-0: Bunted foul
0-1: Sac Bunt - play at first, batter OUT! 2-4
Luke McIndoe to second
Batting: LHB Jeff Doss 0-0: Foul Ball, location: 2F
0-1: Ground out 6-3 (Groundball, 6)
Batting: RHB Pepe Medrano 0-0: Called Strike
0-1: Ground out 6-3 (Groundball, 6)
Top of the 7th over - 0 run(s), 0 hit(s), 0 error(s), 1 left on base; Gresham 6 - Mile High 4
BOTTOM OF THE 7TH
Mile High Broncos batting - Pitching for Gresham Gold Souls : RHP José González
Batting: RHB Edward Williams 0-0: DOUBLE (Line Drive, 56D)
Batting: RHB Luis Alou 0-0: Ball
1-0: Called Strike
1-1: Foul Ball, location: 2F
1-2: Ball
2-2: Ball
3-2: Foul Ball, location: 2F
3-2: Base on Balls
Batting: RHB António Martínez 0-0: SINGLE (Line Drive, 34)
Edward Williams to third
Luis Alou to second
Runner from 3rd tries for Home, SAFE, no throw or cutoff
Batting: RHB David Moran 0-0: Swinging Strike
0-1: Swinging Strike
0-2: Foul Ball, location: 2F
0-2: Ball
1-2: Strikes out swinging
Pinch Hitting: RHB Su-kweon Yu 0-0: Hit by Pitch
Luis Alou to third
António Martínez to second
Batting: LHB Tony Báez 0-0: Called Strike
0-1: Ball
1-1: Ball
2-1: Ball
3-1: Foul Ball, location: 2F
3-2: Foul Ball, location: 2F
3-2: Base on Balls
Luis Alou scores
António Martínez to third
Su-kweon Yu to second
Pinch Hitting: LHB Pat Weaver 0-0: Ball
1-0: Foul Ball, location: 2F
1-1: Swinging Strike
1-2: Ball
2-2: SINGLE (Line Drive, 9S)
António Martínez scores
Su-kweon Yu to third
Tony Báez to second
Pitching: RHP Jamal Clayton
Batting: RHB Francisco Medina 0-0: Ball
1-0: Ball
2-0: Grounds into double play, 6-4-3 (Groundball, 56)
Bottom of the 7th over - 3 run(s), 3 hit(s), 0 error(s), 2 left on base; Gresham 6 - Mile High 7
TOP OF THE 8TH
Gresham Gold Souls batting - Pitching for Mile High Broncos : RHP Hokusai Nakashima
Pitching: RHP Tony Marrero
Now at 2B: Keith Shaffer
Now in CF: Pat Weaver
Batting: RHB Pablo Castillo 0-0: Called Strike
0-1: Called Strike
0-2: Strikes out swinging
Pitching: LHP Jorge García
Batting: LHB Bill Smith 0-0: Ball
1-0: Foul Ball, location: 2F
1-1: Ball
2-1: Swinging Strike
2-2: Strikes out swinging
Pitching: RHP David Bailey
Batting: RHB Peter Hensley 0-0: Called Strike
0-1: SINGLE (Groundball, 56D)
Pitching: LHP Robin Wilder
Batting: LHB Vicente Bueno 0-0: Foul Ball, location: 2F
0-1: Ball
1-1: Called Strike
1-2: Ball
2-2: SINGLE (Line Drive, 4MD)
Peter Hensley to second
Batting: RHB Lorenzo Morín 0-0: Ball
1-0: Ball
2-0: Ball
3-0: Called Strike
3-1: Base on Balls
Peter Hensley to third
Vicente Bueno to second
Batting: RHB Luke McIndoe 0-0: Called Strike
0-1: Foul Ball, location: 2F
0-2: Ball
1-2: Ball
2-2: Strikes out looking
Top of the 8th over - 0 run(s), 2 hit(s), 0 error(s), 3 left on base; Gresham 6 - Mile High 7
BOTTOM OF THE 8TH
Mile High Broncos batting - Pitching for Gresham Gold Souls : RHP Jamal Clayton
Batting: SHB Tom Stevens 0-0: Called Strike
0-1: Ball
1-1: Foul Ball, location: 2F
1-2: Foul Ball, location: 2F
1-2: Foul Ball, location: 2F
1-2: Strikes out swinging
Batting: RHB Edward Williams 0-0: Called Strike
0-1: Ball
1-1: Fly out, F6 (Popup, 6)
Batting: RHB Luis Alou 0-0: Ball
1-0: Called Strike
1-1: Ball
2-1: SINGLE (Groundball, 6MD)
Batting: RHB António Martínez 0-0: Ball
1-0: Ball
2-0: Foul Ball, location: 2F
2-1: Called Strike
2-2: Fly out, F7 (Flyball, 7D)
Bottom of the 8th over - 0 run(s), 1 hit(s), 0 error(s), 1 left on base; Gresham 6 - Mile High 7
TOP OF THE 9TH
Gresham Gold Souls batting - Pitching for Mile High Broncos : LHP Robin Wilder
Pitching: RHP César Rúbio
Now at 1B: Juan Medina
Now at 3B: Enrique Bermúdez
Batting: RHB Matt Davidson 0-0: Foul Ball, location: 2F
0-1: Ball
1-1: Foul Ball, location: 2F
1-2: Foul Ball, location: 2F
1-2: Ball
2-2: Strikes out swinging
Batting: LHB Jeff Doss 0-0: Ball
1-0: Ball
2-0: Foul Ball, location: 2F
2-1: SOLO HOME RUN (Flyball, 89XD), Distance : 392 ft
Batting: RHB Pepe Medrano 0-0: Ball
1-0: Called Strike
1-1: Ground out 6-3 (Groundball, 6)
Batting: RHB Pablo Castillo 0-0: Ball
1-0: Ball
2-0: Called Strike
2-1: Foul Ball, location: 2F
2-2: Foul Ball, location: 2F
2-2: Ball
3-2: Foul Ball, location: 2F
3-2: Foul Ball, location: 2F
3-2: Base on Balls
Batting: LHB Bill Smith 0-0: Ball
1-0: Ball
2-0: Foul Ball, location: 2F
2-1: Ball
3-1: Called Strike
3-2: Base on Balls
Pablo Castillo to second
Batting: RHB Peter Hensley 0-0: Ball
1-0: Called Strike
1-1: Swinging Strike
1-2: Ball
2-2: Strikes out swinging
Top of the 9th over - 1 run(s), 1 hit(s), 0 error(s), 2 left on base; Gresham 7 - Mile High 7
BOTTOM OF THE 9TH
Mile High Broncos batting - Pitching for Gresham Gold Souls : RHP Jamal Clayton
Pinch Hitting: SHB Paco Martínez 0-0: Swinging Strike
0-1: Swinging Strike
0-2: Ball
1-2: Strikes out swinging
Batting: SHB Keith Shaffer 0-0: Ball
1-0: Swinging Strike
1-1: Swinging Strike
1-2: Foul Ball, location: 2F
1-2: Ball
2-2: Strikes out swinging
Batting: LHB Tony Báez 0-0: Swinging Strike
0-1: Foul Ball, location: 2F
0-2: Ball
1-2: Strikes out swinging
Bottom of the 9th over - 0 run(s), 0 hit(s), 0 error(s), 0 left on base; Gresham 7 - Mile High 7
TOP OF THE 10TH
Gresham Gold Souls batting - Pitching for Mile High Broncos : RHP César Rúbio
Now at 3B: Paco Martínez
Batting: LHB Vicente Bueno 0-0: Ball
1-0: Swinging Strike
1-1: Called Strike
1-2: Ball
2-2: SOLO HOME RUN (Flyball, 9LD), Distance : 385 ft
Batting: RHB Lorenzo Morín 0-0: Called Strike
0-1: Swinging Strike
0-2: Foul Ball, location: 2F
0-2: Ball
1-2: Ball
2-2: Strikes out swinging
Batting: RHB Luke McIndoe 0-0: Called Strike
0-1: Ball
1-1: Ball
2-1: Foul Ball, location: 2F
2-2: Strikes out swinging
Batting: RHB Matt Davidson 0-0: Called Strike
0-1: Ball
1-1: Ball
2-1: Foul Ball, location: 2F
2-2: Strikes out swinging
Top of the 10th over - 1 run(s), 1 hit(s), 0 error(s), 0 left on base; Gresham 8 - Mile High 7
BOTTOM OF THE 10TH
Mile High Broncos batting - Pitching for Gresham Gold Souls : RHP Jamal Clayton
Pitching: RHP Luis Fernández
Now at 1B: Sean Carr
Now in CF: Rob Bailey
Batting: LHB Pat Weaver 0-0: Foul Ball, location: 2F
0-1: Ball
1-1: Ball
2-1: Foul Ball, location: 2F
2-2: SINGLE (Groundball, 34D)
Batting: RHB Francisco Medina 0-0: Ball
1-0: Bunted foul
1-1: Sac Bunt - play at second, runner OUT -> throw to first, DP!
Batting: SHB Tom Stevens 0-0: Foul Ball, location: 2F
0-1: Ball
1-1: Foul Ball, location: 2F
1-2: DOUBLE (Line Drive, 8LM)
Batting: RHB Edward Williams 0-0: Ball
1-0: Ball
2-0: Ground out 5-3 (Groundball, 56)
Bottom of the 10th over - 0 run(s), 2 hit(s), 0 error(s), 1 left on base; Gresham 8 - Mile High 7
Monday, December 5th, 2016 - OOTP Baseball 17.12 Build 75